 Dungeon Crawl Stone Soup version 0.17-a0-1910-g4c791fa (webtiles) character file.

629 Goblin1989 the Insei (level 7, 0/35 HPs)
             Began as a Vine Stalker Monk on Sept 26, 2015.
             Slain by a gnoll sergeant
             ... wielding a +0 trident
              (5 damage)
             ... on level 6 of the Dungeon.
             The game lasted 00:11:52 (4088 turns).

Goblin1989 the Insei (Vine Stalker Monk)            Turns: 4088, Time: 00:11:52

Health: 0/35       AC:  9    Str: 14    XL:     7   Next: 48%
Magic:  0/8        EV: 13    Int: 10    God:
Gold:   205        SH:  0    Dex: 18    Spells: 0 memorised, 6 levels left

rFire  . . .     SeeInvis .       - Unarmed
rCold  + . .     Clarity  .     E - +0 robe (curse)
rNeg   . . .     SustAt   .     (no shield)
rPois  .         Gourm    .     I - +1 helmet
rElec  .         Spirit   +     J - +1 cloak
rCorr  .         Warding  .     (no gloves)
rMut   .         Stasis   +     g - +2 pair of boots
MR     .....                    u - amulet of stasis
Stlth  ++++......               n - ring of stealth
                                D - ring of protection from cold

@: not resistant to hostile enchantments, stealthy
A: fangs 2, regeneration 2, magic shield, antimagic bite, no device heal 3, rot
immunity
a: no special abilities


You were on level 6 of the Dungeon.
You were not hungry.

You visited 2 branches of the dungeon, and saw 7 of its levels.

You collected 205 gold pieces.

Inventory:

Armour
 g - a +2 pair of boots (worn)
 E - a cursed +0 robe (worn)
 I - a +1 helmet (worn)
 J - a +1 cloak (worn)
Jewellery
 k - an uncursed ring of fire
 n - a ring of stealth (right hand)
 u - an amulet of stasis (around neck)
 D - a ring of protection from cold (left hand)
Magical devices
 a - a wand of digging (3)
 q - a wand of frost (8)
 w - a wand of disintegration (16)
 F - a wand of teleportation (5)
Scrolls
 d - a scroll of recharging {unknown}
 h - 4 scrolls of remove curse {unknown}
 i - 4 scrolls of identify {unknown}
 o - 3 scrolls of teleportation {unknown}
 p - a scroll of fog {unknown}
 s - 3 scrolls of enchant weapon {unknown}
 y - a scroll of immolation {unknown}
 G - a scroll of magic mapping {unknown}
 H - a scroll of random uselessness {unknown}
Potions
 e - 2 potions of cancellation {unknown}
 j - a potion of degeneration {unknown}
 l - 3 potions of invisibility {unknown}
 m - a potion of ambrosia {unknown}
 x - 2 potions of curing {unknown}
 z - a potion of poison {unknown}
 A - a potion of agility {unknown}
 B - a potion of mutation {unknown}
 C - a potion of brilliance {unknown}
Books
 v - a book of Hinderance

   Spells                             Type                      Level
   a - Confusing Touch                Hexes                        2
   b - Confuse                        Hexes                        3
   c - Gell's Gravitas                Hexes/Translocation          3
   d - Petrify                        Transmutation/Earth          4
   e - Metabolic Englaciation         Hexes/Ice                    5
Comestibles
 b - 6 bread rations
 c - a meat ration
 f - 3 slices of pizza
 r - 2 beef jerkies
 t - 8 fruits


   Skills:
 - Level 2.6 Fighting
 - Level 2.4 Dodging
 + Level 6.0 Stealth
 * Level 7.8 Unarmed Combat


You had 6 spell levels left.
You didn't know any spells.

Dungeon Overview and Level Annotations

Branches:
Dungeon (6/15)             Temple (1/1) D:5

Altars:
Cheibriados
Elyvilon
Fedhas
Gozag
Kikubaaqudgha
Makhleb
Okawaru
Trog
Xom
Yredelemnul
Zin
The Shining One

Shops:
D:5 :


Innate Abilities, Weirdness & Mutations

You have extremely sharp teeth.
You heal very quickly.
When hurt, damage is shared between your health and your magic reserves.
Your bite disrupts and absorbs the magic of your enemies.
Potions and wands cannot restore your health.
You are immune to rotting.


Message History

The gnoll barely misses you.
The gnoll sergeant hits you with a trident!
* * * LOW HITPOINT WARNING * * *
You hit the gnoll sergeant but do no damage.
You bite the gnoll sergeant, but do no damage.
The gnoll sergeant is lightly wounded.
The gnoll misses you. The gnoll barely misses you.
You hit the gnoll sergeant but do no damage.
You punch the gnoll sergeant, but do no damage.
You bite the gnoll sergeant! You drain its power.
You feel invigorated.
The gnoll sergeant is heavily wounded.
The gnoll sergeant hits you with a trident!
* * * LOW HITPOINT WARNING * * *
The gnoll hits you with a whip.
* * * LOW HITPOINT WARNING * * *
The gnoll closely misses you.
Drink which item? (? for menu, Esc to quit)
Okay, then.
The gnoll sergeant hits you from afar with a trident!
You die...

#####.........####'##+##^..#
....#.........#..#.#........
....'.........#..#.#........
....#.........'..'.'........
#####.........####+#....##+
####...#####'###........#
.'.'...+.......#g...##+##
##.#...#..##...#)g..+
##.#...#..##...#@g..#
...+...+.......#....#
##+#...##+##...'....+
.......# ##+##....# .......#
.....# .......+ .....#
....... ......+ .#+###.
......# .# ..(....#


You could see a gnoll sergeant and 2 gnolls.

Vanquished Creatures
  2 centaurs (D:5)
  2 scorpions
  A crimson imp (D:5)
  A hound (D:4)
  An orc wizard (D:3)
  5 worker ants
  A gnoll (D:6)
  3 adders
  2 oozes
  7 worms
  2 adder skeletons
  6 giant geckos
  6 orcs
  A ball python (D:5)
  6 bats
  4 giant cockroaches
  5 goblins
  7 hobgoblins
  13 jackals (D:2)
  4 kobolds
  2 quokkas
  A ball python skeleton (D:5)
  3 giant newts
  4 rats
89 creatures vanquished.

Vanquished Creatures (others)
  7 toadstools (D:1)
7 creatures vanquished.

Grand Total: 96 creatures vanquished

Notes
Turn   | Place    | Note
--------------------------------------------------------------
     0 | D:1      | Goblin1989 the Vine Stalker Monk began the quest for the Orb.
     0 | D:1      | Reached XP level 1. HP: 11/11 MP: 2/2
   285 | D:1      | Reached XP level 2. HP: 16/16 MP: 3/3
   527 | D:2      | Reached XP level 3. HP: 19/19 MP: 4/4
   651 | D:2      | Found a basalt altar of Yredelemnul.
   963 | D:2      | Found a white marble altar of Elyvilon.
  1035 | D:2      | Reached skill level 5 in Unarmed Combat
  1105 | D:2      | Reached XP level 4. HP: 16/23 MP: 3/5
  1377 | D:2      | Found a blossoming altar of Fedhas.
  1648 | D:3      | Found a shimmering altar of Xom.
  1834 | D:3      | Reached XP level 5. HP: 27/27 MP: 6/6
  2291 | D:4      | Reached skill level 6 in Unarmed Combat
  2393 | D:4      | Found a glowing golden altar of the Shining One.
  2494 | D:4      | Gained mutation: You heal very quickly. [Vine Stalker growth]
  2494 | D:4      | Reached XP level 6. HP: 14/32 MP: 7/7
  2633 | D:5      | Entered Level 5 of the Dungeon
  2633 | D:5      | Found Ovoesuz's Book Emporium.
  2691 | D:5      | Reached skill level 5 in Stealth
  2773 | D:5      | Found a staircase to the Ecumenical Temple.
  2786 | Temple   | Entered the Ecumenical Temple
  3031 | D:5      | Reached skill level 7 in Unarmed Combat
  3669 | D:5      | Reached XP level 7. HP: 35/35 MP: 8/8
  3811 | D:5      | Found an iron altar of Okawaru.
  4088 | D:6      | Slain by a gnoll sergeant

Vault maps used:
D:1:      nagdon_arrival_double_spiral
D:2:      kennysheep_big_flooded_room, fedhas_altar_fruit_tree,
          lemuel_round_altar, nicolae_overflow_crystal_walls
D:3:      nicolae_overflow_hidden_temple, first_bread, minmay_misc_feat_x
D:4:      lemuel_doored_altar, hangedman_decor_opposing
D:5:      kennysheep_little_box, minmay_temple_entry_mist, serial_shops,
          shop_fountains
D:6:      nemelex_xobeh_ov_fountains_minmay, grunt_qazlal_clouds, uniq_eustachio
Temple:   nicolae_temple_hex_pool

Action                   |  1- 3 |  4- 6 |  7- 9 || total
-------------------------+-------+-------+-------++-------
Melee: Unarmed           |   120 |   159 |    26 ||   305
 Stab: Sleeping          |    11 |    11 |       ||    22
  Eat: Chunk             |       |     5 |       ||     5
       Royal jelly       |       |     1 |       ||     1
       Meat ration       |       |       |     1 ||     1
